 Dungeon Crawl Stone Soup version 0.30-a0-1082-g70414cbcbb (webtiles) character file.

Game seed: 3899525235406836169

2793 fortdeath9 the Twirler (level 9, -10/117 HPs)
             Began as a Purple Draconian Berserker on Apr 16, 2023.
             Was a Priest of Trog.
             Mangled by a swamp worm (18 damage)
             ... on level 7 of the Dungeon.
             The game lasted 00:31:54 (6193 turns).

fortdeath9 the Twirler (Purple Draconian Berserker) Turns: 6193, Time: 00:31:55

Health: -10/117    AC: 10    Str: 22    XL:     9   Next: 43%
Magic:  9/9        EV: 13    Int:  9    God:    Trog [***...]
Gold:   284        SH:  0    Dex: 11    Spells: 8/8 levels left

rFire   . . .      SeeInvis .    a - +3 quarterstaff (chaos)
rCold   . . .      Faith    .    (shield currently unavailable)
rNeg    . . .      Spirit   .    (body armour unavailable)
rPois   .          Reflect  .    (helmet restricted)
rElec   .          Rampage  .    m - +1 cloak
rCorr   .                        (no gloves)
Will    +....                    r - +0 pair of boots Stlth
                                 j - amulet of magic regeneration
HPRegen 0.39/turn                s - ring of flight
MPRegen 0.51/turn                p - +4 ring of slaying

@: berserking (expiring), flying, very quick
A: breathe power, AC +7, unfitting armour, cold-blooded, screaming 1
a: Breathe Dispelling Energy, Renounce Religion, Berserk, Trog's Hand


You were on level 7 of the Dungeon.
You worshipped Trog.
Trog was most pleased with you.
You visited 2 branches of the dungeon, and saw 8 of its levels.
You also visited: Sewer.

You collected 448 gold pieces.
You spent 164 gold pieces at shops.

Inventory:

Hand Weapons
 a - a +3 quarterstaff of chaos (weapon)
Armour
 m - a +1 cloak (worn)
 r - a +0 pair of boots (worn)
Jewellery
 i - a ring of willpower
 j - an amulet of magic regeneration (around neck)
 p - a +4 ring of slaying (right hand)
 s - a ring of flight (left hand)
Scrolls
 d - a scroll of fog
 h - 2 scrolls of identify
 o - 2 scrolls of teleportation
 u - a scroll of noise
Potions
 b - 2 potions of might
 c - 2 potions of attraction
 e - a potion of ambrosia {unknown}
 f - 5 potions of curing
 g - 3 potions of heal wounds (quivered)
 k - 2 potions of cancellation {unknown}
 l - 3 potions of haste
 q - a potion of resistance
 t - a potion of invisibility {unknown}


   Skills:
 + Level 6.5 Fighting
 + Level 5.9(7.3) Maces & Flails
 + Level 4.4(6.2) Polearms
 + Level 6.6(8.3) Staves
 + Level 5.9 Dodging
 + Level 3.5 Stealth


You had 8 spell levels left.
You didn't know any spells.
Your spell library was empty.

Dungeon Overview and Level Annotations

Branches:
Dungeon (7/15)             Temple (1/1) D:6           Sewer (visited)

Altars:
Ashenzari
Cheibriados
Dithmenos
Elyvilon
Gozag
Hepliaklqana
Nemelex Xobeh
Okawaru
Qazlal
Ru
Sif Muna
Trog
Uskayaw
Vehumet
Wu Jian
Xom
Yredelemnul
The Shining One

Shops:
D:2 :   D:3 !   D:5 ?

Annotations:
D:7 3 runed translucent doors


Innate Abilities, Weirdness & Mutations

You can breathe bolts of dispelling energy.
Your rich purple scales are hard. (AC +7)
You cannot fit into any form of body armour.
You are cold-blooded and may be slowed by cold attacks.
You occasionally shout uncontrollably at your foes.


Message History

You feel a strong urge to attack something.
A nearby plant withers and dies. x2
The manticore flicks its tail.
The volley of spikes hits you.
The barbed spikes become lodged in your body.
* * * LOW HITPOINT WARNING * * *
You barely miss the swamp worm. The swamp worm closely misses you.
You thump the swamp worm! You burn the swamp worm.
The swamp worm is heavily wounded.
You barely miss the swamp worm.
The swamp worm is heavily wounded.
The swamp worm bites you but does no damage.
The barbs in your skin will harm you if you move.
Continue?
Okay, then.
You sock the manticore!
The manticore easily resists.
The manticore is moderately wounded.
The swamp worm closely misses you. The manticore bites you.
* * * LOW HITPOINT WARNING * * *
The manticore claws you.
* * * LOW HITPOINT WARNING * * *
The manticore claws you but does no damage.
You sock the manticore!
The manticore suddenly seems more resistant.
The manticore is moderately wounded.
The swamp worm closely misses you.
You closely miss the manticore.
The manticore is moderately wounded.
The manticore bites you!
* * * LOW HITPOINT WARNING * * *
The manticore claws you but does no damage. x2
You are too berserk!
You bludgeon the manticore!!
The manticore is severely wounded.
You rip and tear the barbed spikes from your body.
The manticore changes into a wind drake!
The swamp worm closely misses you.
You sock the wind drake!
The wind drake is moderately wounded.
The swamp worm bites you!!
You die...

.....# ##########.~~~~~
##..............~~≈~≈
#..............~~~~# #
.......###+####~~≈###|##
.# #...#.......~~~#~~~~~
#...#.......~/~~~~~~~
####...#.......~wk#~~~~~
.......#.......~@≈# #~##
.............##.~~~~# #
..##.#...#...##.#.~~≈~≈~
.###.#.#.#.........~~~~~
.# #......<............!
....#######.............
###. #...#.#....### #.
#........... #.
#..##....#


You could see a wind drake shaped shifter and a swamp worm.

Vanquished Creatures
  Pikel (D:7)
  Grinder (D:3)
  Sigmund (D:3)
  Eustachio (D:6)
  Duvessa (D:7)
  2 black bears
  An ice beast (D:6)
  3 ogres
  A centaur (D:7)
  A phantom (D:6)
  A kobold brigand (Sewer)
  2 scorpions (D:5)
  Dowan (D:7)
  A jelly (D:7)
  An orc priest (D:4)
  Crazy Yiuf (D:4)
  A gnoll bouda (D:5)
  7 iguanas
  3 orc wizards (D:4)
  4 sleepcaps
  Robin (D:3)
  10 gnolls
  10 adders
  A river rat (D:3)
  A shadow imp (D:5)
  2 white imps (D:6)
  An ufetubus (D:4)
  A worm (D:3)
  A dart slug (D:4)
  11 orcs
  5 ball pythons
  3 bats
  7 endoplasms
  6 giant cockroaches
  10 goblins
  7 hobgoblins
  A jackal (D:1)
  18 kobolds
  6 quokkas
  6 frilled lizards
  9 rats
152 creatures vanquished.

Vanquished Creatures (others)
  5 plants
5 creatures vanquished.

Grand Total: 157 creatures vanquished

Notes
Turn   | Place    | Note
-------+----------+-------------------------------------------
     0 | D:1      | fortdeath9 the Draconian Berserker began the quest for the
                  | Orb.
     0 | D:1      | Reached XP level 1. HP: 19/19 MP: 1/1
   129 | D:1      | Reached XP level 2. HP: 19/26 MP: 2/2
   488 | D:1      | Found a faded altar of an unknown god.
   615 | D:1      | Reached XP level 3. HP: 32/33 MP: 3/3
   692 | D:1      | Reached ** piety under Trog
  1168 | D:2      | Found Gash's Book Shoppe.
  1379 | D:3      | Found Soiviph's Distillery.
  1382 | D:3      | Bought a potion of heal wounds for 50 gold pieces
  1520 | D:3      | Reached XP level 4. HP: 26/40 MP: 4/4
  1683 | D:3      | Found a glowing drain.
  1688 | Sewer    | Entered a sewer
  1893 | Sewer    | Reached XP level 5. HP: 38/46 MP: 5/5
  2185 | D:3      | Reached *** piety under Trog
  2357 | D:3      | Noticed Sigmund
  2362 | D:3      | Gained mutation: You passively dampen the noise of your
                  | surroundings. [potion of mutation]
  2362 | D:3      | Gained mutation: You are agile. (Dex +4, Str/Int -1)
                  | [potion of mutation]
  2362 | D:3      | Gained mutation: You have a pair of small horns on your
                  | head. [potion of mutation]
  2371 | D:3      | Killed Sigmund
  2372 | D:3      | Reached skill level 5 in Maces & Flails
  2372 | D:3      | Reached XP level 6. HP: 43/55 MP: 6/6
  2537 | D:3      | Noticed Grinder
  2566 | D:3      | Killed Grinder
  2567 | D:3      | Reached skill level 5 in Fighting
  2567 | D:3      | Reached skill level 1 in Polearms
  2567 | D:3      | Reached skill level 1 in Stealth
  2567 | D:3      | Your scales start taking on a rich purple colour.
  2567 | D:3      | Reached XP level 7. HP: 47/61 MP: 7/7
  2578 | D:3      | Noticed Robin
  2594 | D:3      | Killed Robin
  3325 | D:4      | Reached skill level 5 in Dodging
  3394 | D:4      | Found a runed translucent door.
  3395 | D:4      | Noticed Crazy Yiuf
  3402 | D:4      | Killed Crazy Yiuf
  3560 | D:4      | Found a hide-covered altar of Uskayaw.
  3898 | D:5      | Entered Level 5 of the Dungeon
  3961 | D:5      | Reached XP level 8. HP: 69/69 MP: 8/8
  3996 | D:5      | Found Unleplac's Magic Scroll Shoppe.
  4004 | D:5      | Bought a scroll of enchant weapon for 90 gold pieces
  4004 | D:5      | Bought a scroll of identify for 24 gold pieces
  4060 | D:5      | Reached skill level 1 in Staves
  4552 | D:5      | Reached **** piety under Trog
  4712 | D:6      | Found a radiant altar of Vehumet.
  4865 | D:6      | Lost mutation: You are agile. (Dex +4, Str/Int -1) [potion
                  | of mutation]
  4865 | D:6      | Lost mutation: You have a pair of small horns on your head.
                  | [potion of mutation]
  4865 | D:6      | Gained mutation: You sometimes lose your temper in combat.
                  | [potion of mutation]
  4866 | D:6      | Lost mutation: You sometimes lose your temper in combat.
                  | [potion of mutation]
  4866 | D:6      | Lost mutation: You passively dampen the noise of your
                  | surroundings. [potion of mutation]
  4866 | D:6      | Gained mutation: You do not regenerate when monsters are
                  | visible. [potion of mutation]
  4866 | D:6      | Gained mutation: You have a pair of small horns on your
                  | head. [potion of mutation]
  4866 | D:6      | Gained mutation: You have an increased reservoir of magic.
                  | (+10% MP) [potion of mutation]
  4867 | D:6      | Lost mutation: You have an increased reservoir of magic.
                  | (+10% MP) [potion of mutation]
  4867 | D:6      | Lost mutation: You do not regenerate when monsters are
                  | visible. [potion of mutation]
  4867 | D:6      | Lost mutation: You have a pair of small horns on your head.
                  | [potion of mutation]
  4867 | D:6      | Gained mutation: You have sharp fingernails. [potion of
                  | mutation]
  4868 | D:6      | Lost mutation: You have sharp fingernails. [potion of
                  | mutation]
  4868 | D:6      | Gained mutation: You occasionally shout uncontrollably at
                  | your foes. [potion of mutation]
  4974 | D:6      | Found a shimmering blue altar of Sif Muna.
  4980 | D:6      | Found a snail-covered altar of Cheibriados.
  5032 | D:6      | Found an opulent altar of Gozag.
  5059 | D:6      | Noticed Eustachio
  5060 | D:6      | Found a hazy altar of Hepliaklqana.
  5096 | D:6      | Killed Eustachio
  5097 | D:6      | Reached skill level 5 in Staves
  5097 | D:6      | Reached XP level 9. HP: 41/75 MP: 9/9
  5330 | D:6      | Found a staircase to the Ecumenical Temple.
  5336 | D:6      | Identified the +0 robe of the Unbroken {rPois rN+}
  5339 | Temple   | Entered the Ecumenical Temple
  5699 | D:7      | Noticed Dowan
  5700 | D:7      | Noticed Duvessa
  5705 | D:7      | Killed Dowan
  5715 | D:7      | Killed Duvessa
  5930 | D:7      | Found a runed translucent door.
  5931 | D:7      | Found a runed translucent door.
  5931 | D:7      | Noticed a kobold demonologist
  5931 | D:7      | Noticed a cyan ugly thing
  5934 | D:7      | Found a runed translucent door.
  5934 | D:7      | Noticed a troll
  5960 | D:7      | Noticed Pikel
  5973 | D:7      | Killed Pikel
  6111 | D:7      | Found a glowing golden altar of the Shining One.
  6182 | D:7      | a swamp worm changed into a glowing shapeshifter
  6182 | D:7      | Noticed a glowing shapeshifter (glowing shapeshifter)
  6182 | D:7      | a glowing shapeshifter changed into a manticore
  6182 | D:7      | Noticed a manticore (glowing shapeshifter)
  6192 | D:7      | a manticore changed into a wind drake
  6192 | D:7      | Noticed a wind drake (glowing shapeshifter)
  6193 | D:7      | Mangled by a swamp worm

Illustrated notes

Levels and vault maps discovered:
D:1:      dpeg_arrival_more_subterranean_lakeside_camping, layout_basic,
          dreamdust_ecumenical_altar_statues, minmay_cupped
D:2:      layout_rooms, serial_shops, nicolae_shop_trees, corexii_shack
D:3:      layout_basic, lightli_sewer_entry_pipes, serial_shops,
          nicolae_shop_tiny_real_fake_doors, uniq_grinder, uniq_robin,
          uniq_sigmund
D:4:      layout_basic, mainiacjoe_overflow_chevrons, uniq_crazy_yiuf_cottage
D:5:      layout_basic, chequers_serial_rivers_micro_d, st_stairs_13,
          nicolae_stop_n_shop_2
D:6:      layout_basic, lemuel_tele_altar,
          mainiacjoe_overflow_concentric_impassable, amcnicky_altar_gilded,
          nicolae_gozag_seed_capital, nicolae_sif_muna_condensation,
          minmay_temple_entry_poolview, minmay_between, uniq_eustachio
D:7:      minmay_the_grid_triangle_9x9_recursive_2
          [minmay_the_grid_triangle_9x9_prize_insulated,
          minmay_the_grid_triangle_9x9_empty,
          minmay_the_grid_triangle_9x9_fully_insulated_deathbox,
          minmay_the_grid_triangle_9x9_corrupted_corridor], layout_basic,
          kennysheep_little_box, mainiacjoe_overflow_tiny_flanked,
          corexii_item_surrounded_by_moat, worms_lemuel, uniq_duvessa,
          uniq_menkaure, uniq_pikel
Temple:   hellmonk_temple_of_storms

Skill      XL: |  1  2  3  4  5  6  7  8  9 |
---------------+----------------------------+-----
Dodging        | 3 4 5 |  5.9
Fighting       | 4 5 6 |  6.5
Maces & Flails | 4 5 |  5.9
Polearms       | 1 4 |  4.4
Stealth        | 1 2 3 |  3.5
Staves         | 5 6 |  6.6

Action                     |  1- 3 |  4- 6 |  7- 9 || total
---------------------------+-------+-------+-------++-------
  Melee: Mace              |   122 |   151 |       ||   273
         Tailslap          |    12 |    12 |    41 ||    65
         Punch             |     1 |     2 |       ||     3
         Headbutt          |       |     5 |    26 ||    31
         Halberd           |       |    19 |   102 ||   121
         Quarterstaff      |       |       |   140 ||   140
 Invoke: Berserk           |       |     2 |     3 ||     5
    Use: Scroll            |     3 |     2 |    12 ||    17
         Potion            |       |     5 |     5 ||    10
   Stab: Sleeping          |     4 |       |     4 ||     8
 Armour: Skin              |    42 |    69 |    93 ||   204
  Dodge: Dodged            |    84 |   140 |   186 ||   410

Table legend: (Time is in decaauts)
 A = Elapsed time spent in this place.
 B = Non-inter-level travel time spent in this place.
 C = Inter-level travel time spent in this place.
 D = Time resting spent in this place.
 E = Time spent auto-exploring this place.
 F = Levels seen in this place.
 G = Mean time per level.
                   A        B        C        D        E       F      G
               +--------+--------+--------+--------+--------+-----+--------+
         Total |   6374 |   6198 |    176 |    653 |   3284 |   9 |  708.2 |
       Dungeon |   5933 |   5757 |    176 |    547 |   3234 |   7 |  847.6 |
        Temple |     43 |     43 |      0 |      0 |      0 |   1 |   43.0 |
         Sewer |    397 |    397 |      0 |    105 |     50 |   1 |  397.0 |
               +--------+--------+--------+--------+--------+-----+--------+

Top non-repeatable levels by time:
     D:3: 1293 daAuts
     D:4: 985 daAuts
     D:6: 983 daAuts
     D:1: 915 daAuts
     D:5: 783 daAuts
     D:7: 496 daAuts
     D:2: 476 daAuts
   Sewer: 397 daAuts
  Temple: 43 daAuts
